 Dungeon Crawl Stone Soup version 0.31-a0-819-gf6de2f5ab6 (webtiles) character file.

Game seed: 12713579443706107246

332 qw the Shooter (level 6, -3/37 HPs)
             Began as a Gargoyle Hunter on Sept 23, 2023.
             Slain by a steam dragon (8 damage)
             ... on level 5 of the Dungeon.
             The game lasted 00:01:04 (2967 turns).

qw the Shooter (Gargoyle Hunter)                    Turns: 2967, Time: 00:01:05

Health: -3/37      AC: 11    Str: 14    XL:     6   Next: 52%
Magic:  6/6        EV: 11    Int: 10    God:
Gold:   226        SH:  0    Dex: 15    Spells: 5/5 levels left

rFire   . . .        Y - +0 shortbow
rCold   + . .        (shield currently unavailable)
rNeg    + + .        f - +0 ring mail
rPois   inf          (no helmet)
rElec   +            (no cloak)
rCorr   .            (no gloves)
SInv    .            a - +0 pair of boots
Will    .....        h - amulet of regeneration
Stlth   +            j - ring of positive energy
HPRegen 1.06/turn    i - ring of protection from cold
MPRegen 0.10/turn

%: no passive effects
@: about to teleport
A: sickness immunity, AC +4, negative energy resistance 1, electricity
resistance, torment resistance 1, petrification resistance
a: no special abilities


You were on level 5 of the Dungeon.
You visited 1 branch of the dungeon, and saw 5 of its levels.

You collected 226 gold pieces.


Innate Abilities, Weirdness & Mutations

You are immune to sickness and miasma.
Your stone body is resilient. (AC +4)
You are immune to poison.
You resist negative energy. (rN+)
You are resistant to electric shocks. (rElec)
You are resistant to unholy torment.
You are immune to petrification.


   Skills:
 - Level 3.1 Fighting
 + Level 5.6 Ranged Weapons
 - Level 4.7 Armour
 - Level 1.5 Dodging
 - Level 1.1 Stealth


You had 5 spell levels left.
You didn't know any spells.
Your spell library was empty.

Inventory:

Hand Weapons
 Y - a +0 shortbow (weapon)
Armour
 a - a +0 pair of boots (worn)
 f - a +0 ring mail (worn)
Jewellery
 h - an amulet of regeneration (around neck)
 i - a ring of protection from cold (right hand)
 j - a ring of positive energy (left hand)
Scrolls
 e - 2 scrolls of identify
Potions
 b - a potion of magic {unknown}
 c - a potion of curing {unknown}
 d - a potion of mutation {unknown}
 g - a potion of heal wounds {unknown}

Dungeon Overview and Level Annotations

Branches:
Dungeon (5/15)
 Temple: D:4-7

Altars:

Shops:
D:2 [

Annotations:
D:3 3 runed translucent doors, qw's ghost, amateur GrHu


Message History

You hear a shout! x2
Enter note:
Enter note:
2948 ||| Stepping ~*~*~tactically~*~*~ (cloud).
You start resting.
A steam dragon is nearby!
You shoot an arrow. The arrow hits the steam dragon.
The steam dragon is lightly wounded.
You shoot an arrow.
The arrow closely misses the steam dragon.
The steam dragon closely misses you. The steam dragon claws you.
You shoot an arrow.
The arrow completely misses the steam dragon.
The steam dragon bites you.
The steam dragon claws you but does no damage.
You shoot an arrow.
The arrow closely misses the steam dragon.
The steam dragon bites you.
The steam dragon claws you but does no damage.
The steam dragon breathes steam at you. The ball of steam hits you!
You hear a shout! x3
You shoot an arrow. The arrow hits the steam dragon.
The steam dragon is lightly wounded.
You are engulfed in a cloud of scalding steam.
The steam dragon bites you but does no damage.
The steam dragon barely misses you.
You shoot an arrow.
The arrow barely misses the steam dragon.
You are engulfed in a cloud of scalding steam.
The steam dragon closely misses you. The steam dragon barely misses you.
You shoot an arrow. The arrow hits the steam dragon.
The steam dragon is moderately wounded.
You are engulfed in a cloud of scalding steam.
The steam dragon barely misses you. The steam dragon misses you.
2967 ||| READING scroll of teleportation.
As you read the scroll of teleportation, it crumbles to dust.
You feel strangely unstable. The steam dragon bites you!
You die...

#.# ###+## #.#
###.#
#####...## ##
#........# ..
#.###.##.# .#
#.# #.##.# .#
#.#
#.##.###.#.#...
#.#
#....¤@D.....#
#.#
####.###.#....>
#.# #.# ¤# ##.
#.######.# ..
#........# ...
########## ...#
.D.# ....


You could see a steam dragon (catching breath).

Vanquished Creatures
  Sigmund (D:2)
  A hound (D:4)
  A jelly (D:4)
  4 adders
  An ufetubus (D:4)
  A worm (D:2)
  A dart slug (D:4)
  2 orcs (D:4)
  4 bats
  8 endoplasms
  4 giant cockroaches
  6 hobgoblins
  4 jackals (D:2)
  3 quokkas
  9 ball pythons
  3 frilled lizards
  5 goblins
  4 kobolds
  3 rats
65 creatures vanquished.

Notes
Turn   | Place    | Note
-------+----------+-------------------------------------------
     0 | D:1      | qw the Gargoyle Hunter began the quest for the Orb.
     0 | D:1      | Reached XP level 1. HP: 12/12 MP: 1/1
     0 | D:1      | 0 ||| qw: Version: 0.3-a-83-gcd0e7d8
     0 | D:1      | 0 ||| qw: Game counter: 1390
     0 | D:1      | 0 ||| qw: Melee chars always use a shield: true
     0 | D:1      | 0 ||| qw: God list: Okawaru
     0 | D:1      | 0 ||| qw: Allow faded altars: false
     0 | D:1      | 0 ||| qw: Do Orc after clearing Dungeon:15 true
     0 | D:1      | 0 ||| qw: Do second Lair branch before Depths: true
     0 | D:1      | 0 ||| qw: Lair rune preference: random
     0 | D:1      | 0 ||| qw: Goals: Normal
     0 | D:1      | 0 ||| PLANNING D:1-11
   206 | D:1      | Reached XP level 2. HP: 17/17 MP: 2/2
   700 | D:1      | 700 ||| UPGRADING to +0 ring mail.
   710 | D:1      | 710 ||| DROPPING +0 leather armour.
   711 | D:1      | 711 ||| UPGRADING to amulet of regeneration.
   716 | D:1      | 716 ||| READING scroll labelled XAAD KUROUNG.
   717 | D:1      | 717 ||| READING scroll labelled YMAILI GOITAE.
   718 | D:1      | 718 ||| DROPPING scroll of butterflies.
   793 | D:2      | Noticed Sigmund
   807 | D:2      | HP: 1/17 [Sigmund/+0 scythe (8)]
   809 | D:2      | Killed Sigmund
   810 | D:2      | Reached XP level 3. HP: 4/21 MP: 3/3
   810 | D:2      | Reached XP level 4. HP: 6/26 MP: 4/4
   810 | D:2      | Reached XP level 5. HP: 7/30 MP: 5/5
   925 | D:2      | Found Kavel's Antique Armour Shop.
   933 | D:2      | 933 ||| SHOPLISTING ichor-stained ring mail (252 gold, have
                  | 99).
   933 | D:2      | 933 ||| SHOPLISTING runed scarf (224 gold, have 99).
  1207 | D:2      | Reached skill level 5 in Ranged Weapons
  1518 | D:2      | Found a faded altar of an unknown god.
  1694 | D:2      | 1694 ||| DROPPING ring of magical power.
  1695 | D:2      | 1695 ||| READING scroll labelled POAPTAN FECSI.
  1696 | D:2      | 1696 ||| READING scroll labelled XIEPAM VUSYLI.
  1697 | D:2      | 1697 ||| READING scroll labelled ZEJEOK FUFIL.
  1702 | D:2      | 1702 ||| READING scroll labelled WOLUPH NUUNLU.
  1727 | D:3      | Reached XP level 6. HP: 34/36 MP: 6/6
  1864 | D:3      | Found a runed translucent gate.
  1864 | D:3      | Found a runed translucent gate.
  1864 | D:3      | Found a runed translucent gate.
  1865 | D:3      | Noticed qw's ghost (amateur GrHu)
  1866 | D:3      | Noticed qw's ghost (amateur GrHu)
  1951 | D:3      | Reached skill level 3 in Fighting
  2188 | D:3      | 2188 ||| UPGRADING to +0 pair of boots.
  2193 | D:3      | 2193 ||| UPGRADING to ring of positive energy.
  2194 | D:3      | 2194 ||| READING scroll labelled OCLAQO FATTATU.
  2195 | D:3      | 2195 ||| DRINKING 2 cyan potions.
  2196 | D:3      | 2196 ||| DROPPING potion of attraction.
  2849 | D:4      | 2849 ||| UPGRADING to ring of protection from cold.
  2850 | D:4      | 2850 ||| DROPPING ring of flight.
  2875 | D:5      | Entered Level 5 of the Dungeon
  2947 | D:5      | Noticed a steam dragon
  2948 | D:5      | 2948 ||| Stepping ~*~*~tactically~*~*~ (cloud).
  2966 | D:5      | HP: 3/37 [steam dragon] (14)]
  2967 | D:5      | 2967 ||| READING scroll of teleportation.
  2967 | D:5      | Slain by a steam dragon

Levels and vault maps discovered:
D:1:      dpeg_arrival_boxorama, layout_loops_cross
D:2:      layout_loops_corners, ebering_ecumenical_altar_mist, serial_shops,
          shop, grunt_ministairs_5, uniq_sigmund
D:3:      layout_basic, gammafunk_ghost_cemetery, grunt_ministairs_4
D:4:      layout_basic
D:5:      cheibrodos_fertilizer, layout_loops_corners, serial_shops,
          kennysheep_mini, hangedman_decor_riveting, uniq_menkaure, uniq_duvessa

Skill      XL: |  1  2  3  4  5  6 |
---------------+-------------------+-----
Armour         | 4 |  4.7
Ranged Weapons | 5 |  5.6
Fighting       | 3 |  3.1
Dodging        | |  1.5
Stealth        | |  1.1

Action                     |  1- 3 |  4- 6 || total
---------------------------+-------+-------++-------
   Fire: Shortbow          |    85 |   162 ||   247
    Use: Scroll            |     2 |     6 ||     8
         Potion            |       |     1 ||     1
 Armour: Leather armour    |    22 |       ||    22
         Ring mail         |     5 |    81 ||    86
  Dodge: Dodged            |    25 |    69 ||    94

Table legend:
 A = Non-vault XP
 B = Vault XP
 C = Vault XP percentage of total XP
 D = Non-vault monster count
 E = Vault monster count
 F = Vault count percentage of total count
                 A         B        C        D         E       F
            +---------+---------+-------+---------+---------+-------
      Total |     234 |     241 |  50.7 |      60 |       5 |   7.7
            +---------+---------+-------+---------+---------+-------
        D:1 |      30 |       0 |   0.0 |      19 |       0 |   0.0
        D:2 |      47 |     227 |  82.8 |      18 |       3 |  14.3
        D:3 |      29 |      14 |  32.6 |      10 |       2 |  16.7
        D:4 |     128 |       0 |   0.0 |      13 |       0 |   0.0
            +---------+---------+-------+---------+---------+-------
